 Dungeon Crawl Stone Soup version 0.30-a0-279-g4b46babb21 (webtiles) character file.

Game seed: 2920155770954358625

86 plokij the Trooper (level 4, 0/41 HPs)
             Began as a Minotaur Fighter on Oct 16, 2022.
             Succumbed to an adder's poison
             ... on level 2 of the Dungeon.
             The game lasted 00:04:08 (1027 turns).

plokij the Trooper (Minotaur Fighter)               Turns: 1027, Time: 00:04:08

Health: 0/41       AC:  7    Str: 21    XL:     4   Next: 26%
Magic:  3/3        EV:  9    Int:  5    God:
Gold:   31         SH:  4    Dex: 11    Spells: 3/3 levels left

rFire   . . .      SeeInvis .    a - +0 long sword
rCold   . . .      Faith    .    c - +0 buckler
rNeg    . . .      Spirit   .    b - +0 scale mail
rPois   .          Reflect  .    (helmet restricted)
rElec   .          Harm     .    (no cloak)
rCorr   .          Rampage  .    (no gloves)
Will    .....                    (no boots)
Stlth   ..........               (no amulet)
HPRegen 0.26/turn                (no ring)
MPRegen 0.08/turn                (no ring)

@: lethally poisoned (0 -> -9)
A: horns 2, retaliatory headbutt
a: no special abilities


You were on level 2 of the Dungeon.
You visited 1 branch of the dungeon, and saw 2 of its levels.

You collected 31 gold pieces.

Inventory:

Hand Weapons
 a - a +0 long sword (weapon)
Armour
 b - a +0 scale mail (worn)
 c - a +0 buckler (worn)
Scrolls
 f - a scroll of identify {unknown}
Potions
 d - a potion of might
 e - 2 potions of brilliance {unknown}


   Skills:
 + Level 4.3 Fighting
 * Level 3.9 Long Blades
 + Level 4.2 Armour
 + Level 0.1 Dodging
 + Level 4.1 Shields


You had 3 spell levels left.
You didn't know any spells.
Your spell library contained the following spells:

 Spells                   Type           Power      Damage    Failure   Level
 Sting                    Tmut/Pois      0%         1d3       88%         1
 Poisonous Vapours        Pois/Air       0%         N/A       95%         2
 Olgreb's Toxic Radiance  Pois           0%         N/A       100%        4


Dungeon Overview and Level Annotations

Branches:
Dungeon (2/15)

Altars:


Innate Abilities, Weirdness & Mutations

You have a pair of horns on your head.
You reflexively headbutt those who attack you in melee.


Message History

The adder closely misses you. You furiously retaliate!
You headbutt the adder, but do no damage.
The adder closely misses you.
You see here a ball python corpse.
You barely miss the adder. The adder misses you. The adder bites you.
You are poisoned.
The adder poisons you! You block the goblin's attack.
You closely miss the adder.
You feel sick. The adder bites you but does no damage.
You block the goblin's attack. The adder bites you.
You are more poisoned.
The adder poisons you!
You barely miss the adder.
You feel sick. The goblin hits you but does no damage. The adder bites you.
You hit the adder. Your headbutt misses the adder.
The adder is heavily wounded.
You feel very sick. The adder bites you.
* * * LOW HITPOINT WARNING * * *
You are lethally poisoned!
The adder poisons you! The goblin barely misses you.
You block the adder's attack.
You closely miss the adder. Your headbutt misses the adder.
The adder is heavily wounded.
* * * LOW HITPOINT WARNING * * *
You feel very sick. The goblin hits you but does no damage.
The adder bites you.
* * * LOW HITPOINT WARNING * * *
You are more poisoned.
The adder poisons you! The goblin hits you but does no damage.
A kobold comes into view. It is wielding a +0 short sword.
You closely miss the adder.
The adder is heavily wounded.
* * * LOW HITPOINT WARNING * * *
You feel very sick. The adder barely misses you. You furiously retaliate!
You headbutt the adder!
You kill the adder!
The goblin hits you with a +0 club.
* * * LOW HITPOINT WARNING * * *
You die...

#.# #.# #.# #.# #.# #
#.# ##. #.# ....###)##
#....@.# #....†)# .#
######g)# .## .
#_#..#..#...### #
.~#.#..#..#.#.... ..#
#hP.~P.?.#...#####.###.
#...⌠....K.....S.......
#.....$...#####.#.....
#....~...#........#..#


You could see a goblin and a kobold.

Vanquished Creatures
  A howler monkey (D:2)
  2 adders (D:2)
  A dart slug (D:2)
  3 endoplasms (D:1)
  A giant cockroach (D:2)
  4 goblins
  3 hobgoblins (D:1)
  5 kobolds
  A quokka (D:1)
  4 ball pythons
  2 bats (D:1)
  2 frilled lizards (D:1)
  A rat (D:1)
30 creatures vanquished.

Vanquished Creatures (others)
  A fungus (D:2)
  6 plants (D:2)
7 creatures vanquished.

Grand Total: 37 creatures vanquished

Notes
Turn   | Place    | Note
-------+----------+-------------------------------------------
     0 | D:1      | plokij the Minotaur Fighter began the quest for the Orb.
     0 | D:1      | Reached XP level 1. HP: 19/19 MP: 0/0
   181 | D:1      | Reached XP level 2. HP: 27/27 MP: 1/1
   965 | D:2      | Found a faded altar of an unknown god.
   971 | D:2      | Noticed a howler monkey
  1000 | D:2      | Reached XP level 3. HP: 20/33 MP: 2/2
  1005 | D:2      | Reached XP level 4. HP: 26/41 MP: 3/3
  1026 | D:2      | HP: 2/41 [poisoned by an adder]
  1027 | D:2      | Succumbed to an adder's poison

Illustrated notes

Levels and vault maps discovered:
D:1:      sevenhm_arrival_forest_fort_large_4, layout_loops_ring, serial_forest,
          infiniplex_forest_3_way, infiniplex_forest_straight_2,
          infiniplex_forest_straight_4, infiniplex_forest_lined_3,
          infiniplex_forest_straight_3, infiniplex_forest_zigzag_1,
          infiniplex_forest_end_1
D:2:      layout_loops_ring, shapermc_ecumenical_altar_mp_ritualfount,
          minmay_statues_item

Skill      XL: |  1  2 |
---------------+-------+-----
Fighting       | 4 |  4.3
Armour         | 4 |  4.2
Shields        | 4 |  4.1
Long Blades    | 3 |  3.9
Dodging        | |  0.1

Action                   |  1- 3 |  4- 6 || total
-------------------------+-------+-------++-------
Melee: Long sword        |    66 |    12 ||    78
       Headbutt          |    10 |       ||    10
Armor: Scale mail        |    24 |     9 ||    33
Dodge: Dodged            |    26 |     7 ||    33
Block: Buckler           |    15 |     7 ||    22

Table legend: (Time is in decaauts)
 A = Elapsed time spent in this place.
 B = Non-inter-level travel time spent in this place.
 C = Inter-level travel time spent in this place.
 D = Time resting spent in this place.
 E = Time spent auto-exploring this place.
 F = Levels seen in this place.
 G = Mean time per level.
                   A        B        C        D        E       F      G
               +--------+--------+--------+--------+--------+-----+--------+
         Total |   1050 |    836 |    214 |     33 |    544 |   2 |  525.0 |
       Dungeon |   1050 |    836 |    214 |     33 |    544 |   2 |  525.0 |
               +--------+--------+--------+--------+--------+-----+--------+

Top non-repeatable levels by time:
     D:1: 957 daAuts
     D:2: 93 daAuts
